 Dungeon Crawl Stone Soup version 0.23.1-41-g7e51ed3 (webtiles) character file.

Game seed: 8121536870610369234

3035 dhn the Cleaver (level 9, -2/79 HPs)
             Began as a Minotaur Fighter on Mar 29, 2019.
             Slain by a wolf (8 damage)
             ... on level 8 of the Dungeon.
             The game lasted 00:13:10 (6434 turns).

dhn the Cleaver (Minotaur Fighter)                  Turns: 6434, Time: 00:13:11

Health: -2/79      AC: 13    Str: 20    XL:     9   Next: 56%
Magic:  10/10      EV: 10    Int:  7    God:
Gold:   393        SH: 10    Dex: 12    Spells: 8/11 levels left

rFire    . . .     SeeInvis .   a - +0 war axe
rCold    . . .     Gourm    .   c - +0 shield
rNeg     . . .     Faith    .   b - +0 scale mail
rPois    .         Spirit   .   (helmet restricted)
rElec    .         Reflect  .   B - +0 cloak
rCorr    .         Harm     .   p - +1 pair of gloves
MR       .....     Clarity  +   (no boots)
Stlth    +.........             (no amulet)
HPRegen  0.23/turn              s - ring of flight
MPRegen  0.12/turn              (no ring)

@: very slightly contaminated
A: retaliatory headbutt, horns 2, iridescent scales 1, clarity, subdued magic 1
a: Evoke Flight


You were on level 8 of the Dungeon.
You were not hungry.

You visited 1 branch of the dungeon, and saw 8 of its levels.
You also visited: Sewer.

You collected 393 gold pieces.

Inventory:

Hand Weapons
 a - a +0 war axe (weapon)
Armour
 b - a +0 scale mail (worn)
 c - a +0 shield (worn)
 p - a +1 pair of gloves (worn)
 B - a +0 cloak (worn)
Jewellery
 s - a ring of flight (left hand)
Wands
 o - a wand of paralysis (7)
 v - a wand of iceblast (3)
 z - a wand of digging (4)
 E - a wand of enslavement (2)
 H - a wand of flame (5)
Scrolls
 e - 5 scrolls of teleportation
 g - 2 scrolls of identify
 h - a scroll of random uselessness
 k - 4 scrolls of remove curse
 u - a scroll of blinking
 w - a scroll of fear {unknown}
 y - 2 scrolls of enchant armour
 A - a scroll of noise {unknown}
 C - a scroll of amnesia {unknown}
 F - a scroll of brand weapon {unknown}
 G - a scroll of fog {unknown}
Potions
 d - a potion of might
 i - a potion of mutation
 j - 2 potions of brilliance {unknown}
 l - a potion of flight {unknown}
 m - a potion of heal wounds {unknown}
 n - 2 potions of curing
 t - a potion of invisibility {unknown}
 x - a potion of resistance {unknown}
 D - a potion of degeneration {unknown}
Comestibles
 f - 15 rations


   Skills:
 + Level 7.0 Fighting
 + Level 9.4 Axes
 + Level 7.6 Armour
 + Level 3.5 Dodging
 + Level 3.2 Stealth
 + Level 6.4 Shields
 * Level 1.6 Spellcasting
 * Level 1.3 Translocations
 + Level 1.4 Evocations


You had 8 spell levels left.
You knew the following spells:

 Your Spells              Type           Power        Failure   Level  Hunger
a - Magic Dart            Conj           #...         96%         1    ##.....
b - Blink                 Tloc           N/A          93%         2    ###....

Your spell library contained the following spells:

 Spells                   Type           Power        Failure   Level  Hunger
 Animate Skeleton         Necr           N/A          96%         1    ##.....
 Pain                     Necr           #...         96%         1    ##.....
 Call Imp                 Summ           #.......     99%         2    ###....
 Slow                     Hex            #.......     99%         2    ###....
 Song of Slaying          Chrm           #.......     99%         2    ###....
 Throw Flame              Conj/Fire      #.....       99%         2    ###....
 Conjure Flame            Conj/Fire      #.......     100%        3    ####...
 Mephitic Cloud           Conj/Pois/Air  #.......     100%        3    ####...
 Regeneration             Chrm/Necr      #.........   100%        3    ####...
 Vampiric Draining        Necr           #.........   100%        3    ####...
 Animate Dead             Necr           N/A          100%        4    #####..
 Bolt of Fire             Conj/Fire      #.........   100%        6    #######
 Deflect Missiles         Chrm/Air       #.........   100%        6    #######


Dungeon Overview and Level Annotations

Branches:
Dungeon (8/15)             Temple (0/1) D:7            Lair (0/6) D:8

Altars:
Cheibriados
Fedhas
Gozag
Hepliaklqana
Makhleb
Okawaru
Sif Muna
Vehumet
Xom

Shops:
D:8 *

Annotations:
D:3 2 transporters, Frank's ghost, amateur OpFi
D:6 Pikel
D:7 2 transporters
D:8 Harold


Innate Abilities, Weirdness & Mutations

You reflexively headbutt those who attack you in melee.
You have a pair of horns on your head.
You are partially covered in iridescent scales. (AC +2)
You possess an exceptional clarity of mind.
Your spells are a little easier to cast, but a little less powerful.


Message History

It was a potion of mutation.
You feel extremely strange.
Iridescent scales grow over part of your body.
Your connection to magic feels subdued.
Your thoughts seem clearer.
The sentinel's mark upon you fades away.
You block the wolf's attack. The wolf closely misses you.
The wolf bites you but does no damage. You block the wolf's attack.
Really quaff the potion of mutation?
Okay, then.
You block the wolf's attack. The wolf barely misses you.
The wolf bites you but does no damage. x2
A porcupine comes into view.
You hear the faint creaking of a very distant portcullis.
You hear the hiss of a very distant avalanche of sand.
The scorpion stings you but does no damage.
The wolf closely misses you. You block the wolf's attack.
You block the wolf's attack. x2
The scorpion stings you but does no damage.
The wolf bites you but does no damage. The wolf barely misses you.
The wolf bites you but does no damage. The wolf bites you!
You die...

,******,******,,,,,,,*,,,**,**,,,
**,,,,,,,,,*,**#.....#,,,*******+
,,,,,,,,,,*,,,,#.....#,,,,,,,,,,,
,,,,,,***,,,,,,#.....#.....,,,,,,
,,,,,,*_+,,,,,,+.....#....,,,,,,,
***,,,***,,*,###.....#...#*,.,,**
***,,,,,,,**,#.......#...##..,,**
,,,,,,,,,,,,,#...so..#.......,,,*
,,,,,,,*,,,,,#..@ho..#.......,,,*
,,,,,,,*,,,,,#...h..r#.......,,,*
,****,,**+***#....(..t.+######,**
,****,,**,,**#########r......#,**
,,,,,,,,,,,,,,,#_..S.#.......#..,
,,,,,,,,,,,,,,,#..._.#..........,
,,,,,,,,,,,,,,.#.._..#o.......☼☼,
,,,,,,,,,,,,,,.#..._.#.r.......☼,
,,,,,,,,,,,,,,.#>....#t.......○?,


You could see an orc warrior, a crocodile, 2 wolves, a scorpion, 2 porcupines
and an orc priest.

Vanquished Creatures
  Prince Ribbit (D:6)
  2 hippogriffs (D:7)
  A wyvern (D:5)
  Menkaure (D:6)
  Edmund (D:5)
  An ice beast (D:7)
  A hornet zombie (D:5)
  3 centaurs (D:7)
  5 ogres
  3 bullfrogs
  2 scorpions
  3 wights (D:7)
  A howler monkey (D:4)
  3 crimson imps
  A quasit (D:7)
  A bullfrog zombie (D:5)
  2 hounds
  Crazy Yiuf (D:5)
  2 iguanas
  2 centaur skeletons
  Ijyb (D:5)
  An orc wizard (D:5)
  6 worker ants
  A killer bee zombie (D:5)
  A hound skeleton (D:7)
  14 adders
  An ooze (D:6)
  An adder skeleton (D:5)
  A worm (D:2)
  2 dart slugs
  7 leopard geckos
  18 orcs
  4 ball pythons
  6 giant cockroaches
  7 goblins
  5 hobgoblins
  6 jackals
  3 quokkas
  3 bats
  6 frilled lizards
  5 kobolds
  14 rats
150 creatures vanquished.

Notes
Turn   | Place    | Note
-------+----------+-------------------------------------------
     0 | D:1      | dhn the Minotaur Fighter began the quest for the Orb.
     0 | D:1      | Reached XP level 1. HP: 19/19 MP: 0/0
   125 | D:1      | Reached XP level 2. HP: 26/27 MP: 1/1
   691 | D:2      | Reached XP level 3. HP: 30/33 MP: 2/2
   723 | D:2      | Reached skill level 3 in Axes
   872 | D:2      | Found a burning altar of Makhleb.
   882 | D:2      | Reached XP level 4. HP: 41/41 MP: 3/3
   914 | D:2      | You fall through a shaft for 2 floors!
   917 | D:4      | Reached skill level 4 in Axes
   917 | D:4      | Reached XP level 5. HP: 46/47 MP: 4/4
  1036 | D:4      | Found a glowing drain.
  1045 | Sewer    | Entered a sewer
  1207 | Sewer    | Reached skill level 1 in Dodging
  1254 | Sewer    | Reached XP level 6. HP: 49/55 MP: 5/5
  1467 | Sewer    | Reached skill level 5 in Axes
  1467 | Sewer    | Reached skill level 5 in Armour
  1467 | Sewer    | Reached skill level 5 in Shields
  2178 | D:4      | Reached XP level 7. HP: 60/60 MP: 6/6
  2224 | D:4      | Reached skill level 6 in Axes
  2613 | D:3      | Reached skill level 5 in Fighting
  2681 | D:3      | Found a transporter.
  2691 | D:3      | Noticed Frank's ghost (amateur OpFi)
  2719 | D:3      | Found a transporter.
  2736 | D:3      | Reached skill level 1 in Stealth
  2778 | D:3      | Found an iron altar of Okawaru.
  3548 | D:5      | Entered Level 5 of the Dungeon
  3601 | D:5      | Noticed Edmund
  3613 | D:5      | Killed Edmund
  3616 | D:5      | Reached skill level 1 in Evocations
  3718 | D:5      | Reached XP level 8. HP: 44/68 MP: 7/7
  3861 | D:5      | Reached skill level 7 in Axes
  3900 | D:5      | Noticed Ijyb
  3908 | D:5      | Killed Ijyb
  4225 | D:5      | Found a runed translucent door.
  4226 | D:5      | Noticed Crazy Yiuf
  4360 | D:5      | Killed Crazy Yiuf
  4566 | D:6      | Reached skill level 8 in Axes
  4567 | D:6      | Noticed Menkaure
  4805 | D:6      | Killed Menkaure
  4886 | D:6      | Noticed Prince Ribbit
  4888 | D:6      | Found an opulent altar of Gozag.
  4907 | D:6      | Killed Prince Ribbit
  4920 | D:6      | Noticed Pikel
  5134 | D:7      | Reached XP level 9. HP: 57/77 MP: 9/9
  5213 | D:7      | Found a deep blue altar of Sif Muna.
  5241 | D:7      | Learned a level 1 spell: Magic Dart
  5244 | D:7      | Learned a level 2 spell: Blink
  5345 | D:7      | Reached skill level 1 in Spellcasting
  5526 | D:7      | Reached skill level 9 in Axes
  5530 | D:7      | Identified the Handbook of the Helpful Arsonist
  5565 | D:7      | Reached skill level 1 in Translocations
  6212 | D:7      | Found a snail-covered altar of Cheibriados.
  6212 | D:7      | Noticed a six-headed hydra
  6213 | D:7      | Found a transporter.
  6213 | D:7      | Noticed a troll
  6226 | D:7      | Found a hazy altar of Hepliaklqana.
  6233 | D:7      | Found a transporter.
  6276 | D:7      | Found a staircase to the Ecumenical Temple.
  6341 | D:8      | Found a shimmering altar of Xom.
  6341 | D:8      | Found a shimmering altar of Xom.
  6341 | D:8      | Found a shimmering altar of Xom.
  6341 | D:8      | Found a shimmering altar of Xom.
  6344 | D:8      | Found Godulura's General Store.
  6345 | D:8      | Found a radiant altar of Vehumet.
  6348 | D:8      | Found a shimmering altar of Xom.
  6365 | D:8      | Found a blossoming altar of Fedhas.
  6378 | D:8      | Noticed Harold
  6428 | D:8      | HP: 2/79 [wolf (8)]
  6430 | D:8      | Gained mutation: You are partially covered in iridescent
                  | scales. (AC +2) [potion of mutation]
  6430 | D:8      | Gained mutation: Your spells are a little easier to cast,
                  | but a little less powerful. [potion of mutation]
  6430 | D:8      | Gained mutation: You possess an exceptional clarity of
                  | mind. [potion of mutation]
  6434 | D:8      | Slain by a wolf

Skill      XL: |  1  2  3  4  5  6  7  8  9 |
---------------+----------------------------+-----
Fighting       | 4 5 6 7 |  7.0
Armour         | 4 5 6 7 |  7.6
Shields        | 4 5 6 |  6.4
Axes           | 3 4 5 6 8 9 |  9.4
Dodging        | 1 2 3 |  3.5
Stealth        | 2 3 |  3.2
Evocations     | 1 |  1.4
Spellcasting   | 1 |  1.6
Translocations | 1 |  1.3

Action                   |  1- 3 |  4- 6 |  7- 9 || total
-------------------------+-------+-------+-------++-------
Melee: War axe           |    66 |    84 |   270 ||   420
       Headbutt          |    13 |    10 |    41 ||    64
Evoke: Wand              |       |     7 |    15 ||    22
       Phantom mirror    |       |       |     1 ||     1
  Use: Scroll            |       |     3 |     5 ||     8
       Potion            |       |       |     2 ||     2
 Stab: Paralysed         |       |     6 |    13 ||    19
  Eat: Chunk             |       |     2 |     6 ||     8
       Ration            |       |     1 |     2 ||     3
Armor: Scale mail        |    37 |    44 |   116 ||   197
Dodge: Dodged            |    24 |    31 |   102 ||   157
Block: Shield            |    26 |    50 |   142 ||   218
